 Dungeon Crawl Stone Soup version 0.24.0-37-gcf1ca852f1 (webtiles) character file.

Game seed: 15481897818801285413, levelgen mode: deterministic

60 Delamore the Chopper (level 4, 0/39 HPs)
             Began as a Hill Orc Fighter on Nov 28, 2019.
             Slain by an orc wizard
             ... wielding a +0 dagger
              (2 damage)
             ... on level 3 of the Dungeon.
             The game lasted 00:02:05 (1505 turns).

Delamore the Chopper (Hill Orc Fighter)             Turns: 1505, Time: 00:02:06

Health: 0/39       AC:  8    Str: 19    XL:     4   Next: 6%
Magic:  4/4        EV:  7    Int:  8    God:
Gold:   173        SH:  9    Dex: 10    Spells: 3/3 levels left

rFire    . . .     SeeInvis .   a - +0 war axe
rCold    . . .     Gourm    .   c - +0 shield
rNeg     . . .     Faith    .   b - +0 scale mail
rPois    .         Spirit   .   (no helmet)
rElec    .         Reflect  .   (no cloak)
rCorr    .         Harm     .   (no gloves)
MR       .....                  j - +0 pair of boots
Stlth    ..........             (no amulet)
HPRegen  0.13/turn              (no ring)
MPRegen  0.09/turn              (no ring)

@: no status effects
A: no striking features
a: no special abilities


You were on level 3 of the Dungeon.
You were not hungry.

You visited 1 branch of the dungeon, and saw 3 of its levels.

You collected 173 gold pieces.

Inventory:

Hand Weapons
 a - a +0 war axe (weapon)
Armour
 b - a +0 scale mail (worn)
 c - a +0 shield (worn)
 j - a +0 pair of boots (worn)
Scrolls
 e - a scroll of random uselessness {unknown}
 i - a scroll of fog {unknown}
 k - 2 scrolls of identify {unknown}
 l - a scroll of teleportation {unknown}
 n - a scroll of magic mapping {unknown}
 p - a scroll of remove curse
Potions
 d - a potion of might
 g - a potion of magic {unknown}
 m - 2 potions of mutation {unknown}
 o - a potion of agility {unknown}
 q - 2 potions of curing {unknown}
Comestibles
 f - 3 rations
 h - 2 chunks of flesh


   Skills:
 - Level 3.6 Fighting
 + Level 5.6 Axes
 - Level 3.2 Armour
 - Level 3.2 Shields


You had 3 spell levels left.
You didn't know any spells.
Your spell library contained the following spells:

 Spells                   Type           Power        Failure   Level  Hunger
 Ice Form                 Ice/Tmut       #.......     100%        4    #####..
 Metabolic Englaciation   Hex/Ice        #.........   100%        5    ######.
 Bolt of Cold             Conj/Ice       #.........   100%        6    #######
 Freezing Cloud           Conj/Ice/Air   #.........   100%        6    #######
 Ozocubu's Refrigeration  Ice            #.........   100%        6    #######
 Simulacrum               Ice/Necr       #.........   100%        6    #######


Dungeon Overview and Level Annotations

Branches:
Dungeon (3/15)

Altars:
Dithmenos
Nemelex Xobeh


Message History

The orc wizard is almost dead.
The orc warrior hits you from afar with a +0 trident!
You block the orc wizard's attack.
The orc warrior hits you from afar with a +0 trident!
* * * LOW HITPOINT WARNING * * *
The orc wizard gestures wildly while chanting.
The orc wizard blinks!
Number of times to repeat, then command key: You must enter the number of times for the command to repeat.
The orc wizard points at you and mumbles some strange words.
You resist with some effort.
You closely miss the orc wizard.
The orc wizard is almost dead.
The orc wizard closely misses you. You block the orc wizard's attack.
The orc warrior hits you from afar with a +0 trident!
* * * LOW HITPOINT WARNING * * *
You closely miss the orc wizard.
The orc wizard is almost dead.
The orc wizard hits you with a +0 dagger.
You die...

#.# #.# #.#
#.# #.# #.#
#.# #.# #.#
#.# ##o# #.#
#o.# #.# #.##
#.# #@# #.#
..#####o####.#
.............#
........######
#########


You could see an orc warrior, an orc wizard and an orc.

Vanquished Creatures
  An adder (D:2)
  A worm (D:2)
  A dart slug (D:1)
  2 leopard geckos (D:1)
  5 bats
  5 giant cockroaches
  6 goblins
  6 hobgoblins
  A quokka (D:2)
  2 frilled lizards (D:2)
  5 kobolds
  8 rats
  3 fungi (D:2)
46 creatures vanquished.

Vanquished Creatures (others)
  2 toadstools (D:2)
2 creatures vanquished.

Grand Total: 48 creatures vanquished

Notes
Turn   | Place    | Note
-------+----------+-------------------------------------------
     0 | D:1      | Delamore the Hill Orc Fighter began the quest for the Orb.
     0 | D:1      | Reached XP level 1. HP: 19/19 MP: 1/1
    39 | D:1      | Reached skill level 3 in Axes
   149 | D:1      | Reached XP level 2. HP: 24/26 MP: 2/2
   324 | D:1      | Reached skill level 4 in Axes
   682 | D:1      | Reached XP level 3. HP: 21/31 MP: 3/3
  1026 | D:2      | Found a sparkling altar of Nemelex Xobeh.
  1036 | D:2      | Reached skill level 5 in Axes
  1338 | D:2      | Found a shadowy altar of Dithmenos.
  1436 | D:3      | Reached XP level 4. HP: 39/39 MP: 4/4
  1497 | D:3      | Noticed an orc warrior
  1505 | D:3      | Slain by an orc wizard

Levels and vault maps discovered:
D:1:      roderic_dead_forest, layout_loops_ring
D:2:      layout_rooms, nicolae_dithmenos_shadow_blocks,
          minmay_gold_behind_fungi, nemelex_xobeh_ov_fountains_minmay
D:3:      layout_loops_ring, nicolae_overflow_crystal_walls

Skill      XL: |  1  2  3 |
---------------+----------+-----
Axes           | 3 4 5 |  5.6
Fighting       | |  3.6
Armour         | |  3.2
Shields        | |  3.2

Action                   |  1- 3 |  4- 6 || total
-------------------------+-------+-------++-------
Melee: War axe           |   185 |    14 ||   199
  Use: Scroll            |     1 |       ||     1
  Eat: Chunk             |     2 |       ||     2
Armor: Scale mail        |    79 |    14 ||    93
Dodge: Dodged            |    49 |     6 ||    55
Block: Shield            |    91 |    10 ||   101
